 Dungeon Crawl Stone Soup version 0.28.0-53-g5a82cb258f (webtiles) character file.

Game seed: 15077170283816948096

128 Infinimo the Skirmisher (level 5, -5/55 HPs)
             Began as an Ogre Gladiator on May 29, 2022.
             Slain by a goblin
             ... wielding a +1 dagger of distortion
              (18 damage)
             ... on level 3 of the Dungeon.
             The game lasted 00:02:50 (3464 turns).

Infinimo the Skirmisher (Ogre Gladiator)            Turns: 3464, Time: 00:02:51

Health: -5/55      AC:  3    Str: 17 (20) XL:     5   Next: 12%
Magic:  5/5        EV: 10    Int:  9      God:
Gold:   65         SH:  0    Dex: 10      Spells: 4/4 levels left

rFire   . . .      SeeInvis .   a - +0 flail
rCold   . . .      Faith    .   (no shield)
rNeg    . . .      Spirit   .   b - +0 robe
rPois   .          Reflect  .   c - +0 hat
rElec   .          Harm     .   (no cloak)
rCorr   .          Rampage  .   (gloves unavailable)
Will    .....                   (boots unavailable)
Stlth   +.........              (no amulet)
HPRegen 0.18/turn               (no ring)
MPRegen 0.09/turn               (no ring)

@: no status effects
A: large, unfitting armour, tough skin 1
a: no special abilities


You were on level 3 of the Dungeon.
You visited 1 branch of the dungeon, and saw 3 of its levels.

You collected 65 gold pieces.

Inventory:

Hand Weapons
 a - a +0 flail (weapon)
Missiles
 d - 3 throwing nets (quivered)
Armour
 b - a +0 robe (worn)
 c - a +0 hat (worn)
Scrolls
 e - 3 scrolls of fear {unknown}
 f - a scroll of teleportation {unknown}
 h - a scroll of immolation {unknown}
 i - 2 scrolls of blinking {unknown}
 j - a scroll of identify {unknown}
 m - a scroll of brand weapon {unknown}
Potions
 g - a potion of degeneration
 k - a potion of invisibility {unknown}
 l - a potion of curing {unknown}


   Skills:
 + Level 4.4 Fighting
 * Level 4.4 Maces & Flails
 - Level 2.0 Throwing
 - Level 2.6 Dodging


You had 4 spell levels left.
You didn't know any spells.
Your spell library contained the following spells:

 Spells                   Type           Power      Damage    Failure   Level
 Animate Skeleton         Necr           0%         N/A       38%         1
 Apportation              Tloc           0%         N/A       38%         1
 Slow                     Hex            0%         N/A       38%         1
 Summon Small Mammal      Summ           0%         N/A       38%         1
 Confusing Touch          Hex            0%         N/A       77%         3
 Vampiric Draining        Necr           0%         2d6       77%         3


Dungeon Overview and Level Annotations

Branches:
Dungeon (3/15)

Altars:

Annotations:
D:2 1 runed translucent door, Crazy Yiuf


Innate Abilities, Weirdness & Mutations

You are too large for most types of armour.
You have tough skin. (AC +1)


Message History

You barely miss the kobold.
The kobold hits you with a +0 short sword.
You completely miss the kobold. The kobold closely misses you.
You sock the kobold!
You kill the kobold!
No target in view!
HP restored.
Things that are here:
a +0 short sword; 3 stones
m - a scroll labelled RECURAOMMI A goblin comes into view.
It is wielding a +1 dagger of distortion.
The goblin shouts!
A kobold comes into view. It is wielding a +0 dagger.
You miss the goblin.
The kobold shouts!
The goblin hits you but does no damage. Space warps horribly around you!
The goblin hits you but does no damage.
You blink.
You thump the kobold!
You kill the kobold!
Things that are here:
a +0 dagger; 3 stones; a kobold corpse The goblin barely misses you.
You barely miss the goblin.
The goblin hits you with a +1 dagger of distortion.
Space warps horribly around you!
You hit the goblin but do no damage.
The goblin hits you with a +1 dagger of distortion.
You blink.
You barely miss the goblin. The goblin completely misses you.
You barely miss the goblin. The goblin hits you but does no damage.
Space warps horribly around you!
* * * LOW HITPOINT WARNING * * *
The goblin closely misses you.
You are too injured to fight recklessly!
You are too injured to fight recklessly!
You closely miss the goblin.
The goblin hits you with a +1 dagger of distortion.
* * * LOW HITPOINT WARNING * * *
Space warps horribly around you!!
You die...

#### ## # .#####... .# + #.
........##.# #.#.# ..........
...+.... #....... # ...#....
#......###.# ....#....
........#..........###....#....
........#.......####......#....
........##+#+#@....+...........
#......##.#.##g...#...........
#......##.#......)..# .......
+......+.....###+#....##......
#......##.#....# ...#.........
#.........#.#.................
#...#)....#+#.................
#. #........)................
#.................#...#...


You could see a goblin.

Vanquished Creatures
  A gnoll (D:1)
  5 adders
  2 worms (D:2)
  2 dart slugs
  7 ball pythons
  6 bats
  5 endoplasms
  A giant cockroach (D:1)
  4 goblins
  7 hobgoblins
  4 jackals (D:1)
  6 kobolds
  2 quokkas (D:1)
  3 frilled lizards (D:1)
  3 rats
58 creatures vanquished.

Notes
Turn   | Place    | Note
-------+----------+-------------------------------------------
     0 | D:1      | Infinimo the Ogre Gladiator began the quest for the Orb.
     0 | D:1      | Reached XP level 1. HP: 22/22 MP: 1/1
    33 | D:1      | Reached XP level 2. HP: 21/31 MP: 2/2
   792 | D:1      | Found a faded altar of an unknown god.
   803 | D:1      | Reached XP level 3. HP: 35/37 MP: 3/3
  1440 | D:2      | Reached XP level 4. HP: 33/48 MP: 4/4
  2694 | D:2      | Found a runed translucent door.
  2695 | D:2      | Noticed Crazy Yiuf
  3114 | D:3      | Reached XP level 5. HP: 52/55 MP: 5/5
  3464 | D:3      | Slain by a goblin

Illustrated notes

Levels and vault maps discovered:
D:1:      mushboom_english_gardens, layout_loops_corners,
          chequers_ecumenical_altar_simple
D:2:      layout_basic, uniq_crazy_yiuf_cottage
D:3:      layout_basic

Skill      XL: |  1  2  3  4 |
---------------+-------------+-----
Fighting       | 3 4 |  4.4
Maces & Flails | 3 4 |  4.4
Throwing       | |  2.0
Dodging        | |  2.6

Action                   |  1- 3 |  4- 6 || total
-------------------------+-------+-------++-------
Melee: Flail             |   112 |    88 ||   200
       Punch             |     1 |       ||     1
  Use: Potion            |       |     1 ||     1
 Stab: Sleeping          |       |     2 ||     2
Armor: Robe              |    44 |    25 ||    69
Dodge: Dodged            |    58 |    40 ||    98
